 Dungeon Crawl Stone Soup version 0.17.1-2-g5865329 (webtiles) character file.

9081 Ponchio the Fighter (level 11, -3/72 HPs)
             Began as a Gargoyle Fighter on Feb 2, 2016.
             Was a Priest of Qazlal.
             Slain by a polar bear (5 damage)
             ... in an ice cave.
             The game lasted 00:48:49 (11418 turns).

Ponchio the Fighter (Gargoyle Fighter)             Turns: 11418, Time: 00:48:49

Health: -3/72      AC: 16    Str: 25    XL:     11   Next: 40%
Magic:  11/11      EV: 10    Int:  9    God:    Qazlal [***...]
Gold:   499        SH: 17    Dex: 12    Spells: 0 memorised, 10 levels left

rFire  + + .     SeeInvis .     a - +1 flail
rCold  + . .     Clarity  .     A - +0 robe {rC+ rF+}
rNeg   + . .     SustAt   .     t - +1 shield
rPois  ∞         Gourm    .     x - +0 helmet
rElec  +         Spirit   .     l - +0 cloak
rCorr  .         Warding  .     z - +0 pair of gloves
rMut   .         Stasis   .     i - +0 pair of boots
MR     .....                    (no amulet)
Stlth  +.........               K - ring of protection from fire
                                D - ring of wizardry

@: mighty, very slightly contaminated, invisible, not resistant to hostile
enchantments, very unstealthy
A: negative energy resistance 1, electricity resistance, unbreathing,
petrification resistance, rot immunity, AC +7
a: Upheaval, Elemental Force, Renounce Religion


You were in an ice cave.
You worshipped Qazlal.
Qazlal was most pleased with you.
You were very hungry.

You visited 3 branches of the dungeon, and saw 12 of its levels.
You also visited: Ice Cave.

You collected 499 gold pieces.

Inventory:

Hand Weapons
 a - a +1 flail (weapon)
Armour
 b - a +0 scale mail
 c - a +0 shield
 i - a +0 pair of boots (worn)
 l - a +0 cloak (worn)
 p - the +4 scale mail of Tojixemu {+Inv}
   (You found it on level 2 of the Lair of Beasts)

   It lets you turn invisible.
 t - a +1 shield (worn)
 x - a +0 helmet (worn)
 z - a +0 pair of gloves (worn)
 A - a +0 robe of resistance (worn)
Jewellery
 g - an uncursed ring of flight
 s - an uncursed ring of invisibility
 D - a ring of wizardry (left hand)
 K - a ring of protection from fire (right hand)
Wands
 n - a wand of fireball (0)
 B - a wand of draining (3)
 J - a wand of cold (11)
 L - a wand of paralysis (12)
Scrolls
 f - 3 scrolls of remove curse
 k - 2 scrolls of amnesia
 q - 3 scrolls of teleportation
 w - a scroll of recharging
 y - a scroll of identify
 E - a scroll of vulnerability
 I - 2 scrolls of enchant weapon
Potions
 h - a potion of ambrosia {unknown}
 m - 2 potions of flight
 o - a potion of invisibility
 r - a potion of lignification
 u - a potion of cure mutation
 v - 2 potions of degeneration
 C - 2 potions of magic
 G - 3 potions of poison
Books
 F - a book of the Sky

   Spells                             Type                      Level
   a - Summon Lightning Spire         Summoning/Air                4
   b - Airstrike                      Air                          4
   c - Silence                        Hexes/Air                    5
   d - Deflect Missiles               Charms/Air                   6
   e - Conjure Ball Lightning         Conjuration/Air              6
   f - Tornado                        Air                          9
Comestibles
 e - 6 bread rations
 j - 4 meat rations


   Skills:
 + Level 10.2 Fighting
 + Level 9.1 Maces & Flails
 + Level 10.2 Armour
 + Level 10.0 Shields


You had 10 spell levels left.
You didn't know any spells.

Dungeon Overview and Level Annotations

Branches:
Dungeon (8/15)             Temple (1/1) D:5            Lair (3/8) D:8
 Spider (0/4) Lair:3
  Swamp: Lair:3-6    Shoals: Lair:3-6

Altars:
Ashenzari
Cheibriados
Dithmenos
Elyvilon
Fedhas
Makhleb
Nemelex Xobeh
Okawaru
Qazlal
Ru
Sif Muna
Trog
Vehumet
Xom
Yredelemnul
Zin
The Shining One

Shops:
D:8 [%*}[


Innate Abilities, Weirdness & Mutations

You are resistant to torment.
Your stone body is resilient (AC +7).
You are immune to poison.
You resist negative energy.
You are resistant to electric shocks.
You can survive without breathing.
You are immune to petrification.
You are immune to rotting.


Message History

You block the wolf's attack. The wolf closely misses you.
You closely miss the wolf.
The wolf is almost dead.
You block the wolf's attack.
You hit the wolf.
You kill the wolf!
Qazlal accepts your kill.
You hit the polar bear.
The polar bear is lightly wounded.
You resist.
* * * LOW HITPOINT WARNING * * *
The polar bear bites you!
* * * LOW HITPOINT WARNING * * *
You block the polar bear's attack. x2
You barely miss the polar bear.
The polar bear is lightly wounded.
You resist.
* * * LOW HITPOINT WARNING * * *
The polar bear bites you.
You die...

#..#....#
#§.###.##
#.########
#..##.##.##
##....÷##§##
##.....§#§#
####.÷#§§#
##.##§#
####@# #h##
#. .. ..#
#.. .## ..


You could see a polar bear.

Vanquished Creatures
  A black mamba (D:8)
  An ice statue (IceCv)
  4 spiny frogs
  A fire drake (D:8)
  2 polar bears (IceCv)
  2 blink frogs (Lair:1)
  6 yaks
  A basilisk (Lair:1)
  2 hippogriffs
  13 wolves
  5 porcupines
  5 water moccasins
  4 phantoms
  An ice beast (D:5)
  3 crocodiles
  An ogre (D:8)
  A centaur (D:7)
  7 giant frogs
  3 killer bees (D:6)
  3 crimson imps
  3 orc priests
  A hound (D:8)
  4 orc wizards
  An iguana (Lair:3)
  3 worker ants
  2 electric eels
  A jelly (D:6)
  Natasha (thrice) (D:3)
  A killer bee zombie (D:7)
  2 worker ant zombies (D:7)
  Robin (D:3)
  3 adders
  34 river rats
  A shadow imp (D:5)
  3 white imps (Lair:3)
  An ooze (D:2)
  An adder zombie (D:5)
  5 worms
  2 adder skeletons
  7 giant geckos
  19 orcs
  7 ball pythons
  4 giant cockroaches
  9 hobgoblins
  6 jackals
  11 kobolds
  A quokka (D:7)
  15 bats
  A giant gecko skeleton (D:4)
  A giant gecko zombie (D:6)
  6 giant newts
  8 goblins
  A jackal skeleton (D:4)
  A quokka skeleton (D:6)
  A quokka zombie (D:7)
  7 rats
  3 fungi (Lair:2)
  6 plants (Lair:1)
252 creatures vanquished.

Vanquished Creatures (others)
  A polar bear (IceCv)
  2 yaks (IceCv)
  A wolf (IceCv)
  8 plants (Lair:1)
12 creatures vanquished.

Grand Total: 264 creatures vanquished

Notes
Turn   | Place    | Note
--------------------------------------------------------------
     0 | D:1      | Ponchio the Gargoyle Fighter began the quest for the Orb.
     0 | D:1      | Reached XP level 1. HP: 14/14 MP: 1/1
    69 | D:1      | Reached XP level 2. HP: 13/19 MP: 2/2
   527 | D:1      | Reached XP level 3. HP: 23/23 MP: 3/3
  1019 | D:2      | Reached skill level 4 in Armour
  1118 | D:2      | Reached XP level 4. HP: 17/28 MP: 4/4
  1742 | D:3      | Noticed Natasha
  1752 | D:3      | Killed Natasha
  2030 | D:3      | Noticed Robin
  2065 | D:3      | Killed Robin
  2065 | D:3      | Reached XP level 5. HP: 30/33 MP: 5/5
  2094 | D:3      | Noticed a giant frog
  2111 | D:3      | Killed a giant frog
  2323 | D:3      | Noticed Natasha
  2335 | D:3      | Killed Natasha
  2604 | D:3      | Reached XP level 6. HP: 33/39 MP: 6/6
  2913 | D:3      | Found a snail-covered altar of Cheibriados.
  2914 | D:3      | Found a basalt altar of Yredelemnul.
  2950 | D:3      | Noticed Natasha
  2953 | D:3      | Killed Natasha
  3080 | D:4      | Found a glowing silver altar of Zin.
  3177 | D:4      | Reached skill level 5 in Armour
  3324 | D:4      | Reached XP level 7. HP: 28/44 MP: 7/7
  3328 | D:4      | Reached skill level 5 in Fighting
  3697 | D:5      | Entered Level 5 of the Dungeon
  3869 | D:5      | Reached skill level 5 in Shields
  3952 | D:5      | Found a staircase to the Ecumenical Temple.
  3962 | Temple   | Entered the Ecumenical Temple
  4049 | Temple   | Became a worshipper of Qazlal Stormbringer
  4942 | D:6      | Reached skill level 6 in Armour
  4942 | D:6      | Reached XP level 8. HP: 35/51 MP: 8/8
  5392 | D:6      | Reached skill level 5 in Maces & Flails
  6436 | D:8      | Reached * piety under Qazlal
  6445 | D:8      | Reached skill level 7 in Armour
  6477 | D:8      | Found a staircase to the Lair.
  6478 | D:8      | Noticed a fire drake
  6490 | D:8      | Killed a fire drake
  6490 | D:8      | Reached XP level 9. HP: 40/56 MP: 9/9
  6586 | D:8      | Found Egussabu's Gadget Boutique.
  6690 | D:8      | Found Ziulum's General Store.
  6829 | D:8      | Found Esackidu's Food Emporium.
  6965 | D:8      | Found Fusun's Armour Shoppe.
  7080 | D:8      | Found Jelaon's Armour Shop.
  7162 | Lair:1   | Entered Level 1 of the Lair of Beasts
  7171 | Lair:1   | Noticed a black mamba
  7175 | Lair:1   | Noticed a spiny frog
  7215 | D:8      | Killed a black mamba
  7517 | Lair:1   | Reached skill level 8 in Armour
  7528 | Lair:1   | Killed a spiny frog
  7907 | Lair:1   | Noticed a spiny frog
  7911 | Lair:1   | Killed a spiny frog
  7911 | Lair:1   | Reached XP level 10. HP: 54/64 MP: 10/10
  7928 | Lair:1   | Noticed a spiny frog
  7948 | Lair:1   | Killed a spiny frog
  8271 | Lair:1   | Reached skill level 9 in Armour
  8299 | Lair:1   | Reached ** piety under Qazlal
  8392 | Lair:1   | HP: 4/97 [wolf (3)]
  8397 | Lair:1   | HP: 2/97 [wolf (2)]
  9738 | Lair:2   | Got an ichor-stained scale mail
  9749 | Lair:2   | Identified the +4 scale mail of Tojixemu {+Inv} (You found it on level 2 of the Lair of Beasts)
 10015 | Lair:2   | Reached XP level 11. HP: 58/71 MP: 11/11
 10485 | Lair:3   | Found a hole to the Spider Nest.
 10495 | Lair:3   | Found a frozen archway.
 10698 | IceCv    | Entered an ice cave
 10706 | IceCv    | Reached skill level 10 in Armour
 10713 | IceCv    | Reached *** piety under Qazlal
 10719 | IceCv    | Reached skill level 10 in Fighting
 11391 | IceCv    | Reached skill level 10 in Shields
 11418 | IceCv    | HP: 2/72 [something (6)]
 11418 | IceCv    | Slain by a polar bear

Action                   |  1- 3 |  4- 6 |  7- 9 | 10-12 || total
-------------------------+-------+-------+-------+-------++-------
Melee: Flail             |   221 |   213 |   446 |   521 ||  1401
Evoke: Wand              |       |     2 |     1 |     1 ||     4
  Use: Scroll            |       |     8 |    11 |     5 ||    24
       Potion            |       |       |     3 |     5 ||     8
  Eat: Chunk             |     1 |     7 |    11 |     6 ||    25
       Beef jerky        |       |       |     1 |       ||     1
       Pizza             |       |       |     2 |     1 ||     3
       Meat ration       |       |       |       |     1 ||     1
